 Dungeon Crawl Stone Soup version 0.24.0-123-gd5b16e6ec5 (webtiles) character file.

Game seed: 9074803210044491215, levelgen mode: deterministic

126 LordRappington the Chopper (level 4, 0/39 HPs)
             Began as a Minotaur Berserker on Jan 11, 2020.
             Was a Believer of Trog.
             Killed by nerve-wracking pain
             ... invoked by an orc priest
              (4 damage)
             ... on level 2 of the Dungeon.
             The game lasted 00:04:16 (1758 turns).

LordRappington the Chopper (Minotaur Berserker)     Turns: 1758, Time: 00:04:17

Health: 0/39       AC:  2    Str: 21    XL:     4   Next: 83%
Magic:  3/3        EV: 12    Int:  5    God:    Trog [**....]
Gold:   68         SH:  0    Dex: 10    Spells: 3/3 levels left

rFire    . . .     SeeInvis .   a - +1 hand axe
rCold    . . .     Gourm    .   (no shield)
rNeg     . . .     Faith    .   b - +0 animal skin
rPois    .         Spirit   .   (helmet restricted)
rElec    .         Reflect  .   (no cloak)
rCorr    .         Harm     .   (no gloves)
MR       .....                  (no boots)
Stlth    +.........             (no amulet)
HPRegen  0.13/turn              (no ring)
MPRegen  0.08/turn              (no ring)

@: no status effects
A: retaliatory headbutt, horns 2
a: Berserk, Trog's Hand, Renounce Religion


You were on level 2 of the Dungeon.
You worshipped Trog.
Trog was pleased with you.
You were not hungry.

You visited 1 branch of the dungeon, and saw 3 of its levels.

You collected 68 gold pieces.

Inventory:

Hand Weapons
 a - a +1 hand axe (weapon)
Missiles
 g - 10 poisoned darts (quivered)
Armour
 b - a +0 animal skin (worn)
Jewellery
 i - an uncursed ring of resist corrosion {unknown}
 j - a cursed amulet of inaccuracy {unknown}
 r - an uncursed ring of ice {unknown}
Wands
 s - a wand of iceblast (6)
Scrolls
 o - a scroll of teleportation
Potions
 d - a potion of agility
 l - a potion of mutation
 n - a potion of heal wounds
 q - a potion of brilliance {unknown}
Comestibles
 c - 5 rations
 f - 3 chunks of flesh


   Skills:
 - Level 3.6 Fighting
 * Level 6.8 Axes
 - Level 2.4 Armour
 - Level 2.1 Dodging


You had 3 spell levels left.
You didn't know any spells.
Your spell library was empty.

Dungeon Overview and Level Annotations

Branches:
Dungeon (3/15)

Altars:
Cheibriados
Zin
The Shining One


Innate Abilities, Weirdness & Mutations

You reflexively headbutt those who attack you in melee.
You have a pair of horns on your head.


Message History

Pain shoots through your body!
* * * LOW HITPOINT WARNING * * *
You completely miss the orc priest.
The orc priest is severely wounded.
You hit the gnoll. The gnoll barely misses you.
You hit the orc priest but do no damage.
The orc priest is severely wounded.
You barely miss the gnoll. The orc priest closely misses you.
The gnoll closely misses you.
You hit the orc priest.
The orc priest is almost dead.
You completely miss the gnoll.
The orc priest hits you but does no damage.
The gnoll closely misses you.
You closely miss the orc priest.
The orc priest is almost dead.
You hit the gnoll.
The orc priest mumbles some strange prayers to Beogh against you.
Pain shoots through your body!
You die...

#...........##########
#...........##.......#
#...........''.......#
#...........##.......#
#...........##.......###
###.###+######..........
#.# #.######......####
#.# #.)............# #.#
#@g............# #.#
#.o######'####.#
#.###..###....# #.###
#........#.#### #....
########.#.#######.###
#.#.)........#
#.##########.# #.# #.#
#############.# #.#


You could see an orc priest and a gnoll.

Vanquished Creatures
  3 gnolls (D:2)
  5 adders (D:2)
  2 dart slugs
  2 leopard geckos (D:2)
  2 orcs (D:2)
  9 bats
  A giant cockroach (D:1)
  5 goblins
  4 hobgoblins
  2 frilled lizards (D:2)
  9 kobolds
  2 rats (D:1)
46 creatures vanquished.

Notes
Turn   | Place    | Note
-------+----------+-------------------------------------------
     0 | D:1      | LordRappington the Minotaur Berserker began the quest for
                  | the Orb.
     0 | D:1      | Reached XP level 1. HP: 19/19 MP: 0/0
    99 | D:1      | Reached skill level 4 in Axes
   159 | D:1      | Reached XP level 2. HP: 26/26 MP: 1/1
   704 | D:2      | Reached ** piety under Trog
   766 | D:2      | Reached skill level 5 in Axes
   766 | D:2      | Reached XP level 3. HP: 26/31 MP: 2/2
   826 | D:2      | Reached skill level 6 in Axes
   826 | D:2      | Reached XP level 4. HP: 27/39 MP: 3/3
  1476 | D:2      | Found a glowing golden altar of the Shining One.
  1476 | D:2      | Found a glowing silver altar of Zin.
  1734 | D:3      | Found a snail-covered altar of Cheibriados.
  1758 | D:2      | Killed from afar by an orc priest

Levels and vault maps discovered:
D:1:      lemuel_arrival_funnel, layout_basic, grunt_decor_mini_mirrors
D:2:      layout_basic, grunt_temple_overflow_open, first_ration,
          grunt_ministairs_1
D:3:      layout_rooms, nicolae_overflow_crystal_walls, old_standard_altar,
          kennysheep_slug_shrine, serial_glass, glass_columns_c,
          glass_columns_a, due_unseen_surprise, minmay_strange_pillars,
          minmay_strange_pillars, feat_on_display, gup_sewer_entry_spiral,
          serial_bayou_lagoon_b

Skill      XL: |  1  2  3 |
---------------+----------+-----
Axes           | 4 5 6 |  6.8
Fighting       | |  3.6
Armour         | |  2.4
Dodging        | |  2.1

Action                   |  1- 3 |  4- 6 || total
-------------------------+-------+-------++-------
Melee: Hand axe          |    46 |    61 ||   107
       Headbutt          |     5 |     3 ||     8
  Use: Scroll            |       |     9 ||     9
 Stab: Sleeping          |     1 |       ||     1
  Eat: Chunk             |       |     3 ||     3
Armor: Animal skin       |     6 |     8 ||    14
Dodge: Dodged            |    38 |    46 ||    84
